[Event "2nd Cambridge Open 2024"]
[Site "Cambridge"]
[Date "2024.02.21"]
[Round "5.16"]
[White "Sivanandan, Bodhana"]
[Black "Karamsetty, Jeevan"]
[Result "1/2-1/2"]
[ECO "C41"]
[WhiteElo "1856"]
[BlackElo "2211"]
[Annotator "RC"]
[PlyCount "96"]
[EventDate "2024.02.18"]
[EventType "swiss"]
[EventCountry "ENG"]
[SourceTitle "playchess.com"]
[Source "ChessBase"]
[SourceQuality "1"]
[TimeControl "5400+30"]

1. e4 e5 2. Nf3 d6 3. d4 exd4 4. Nxd4 Nf6 5. Nc3 Be7 6. Be2 O-O 7. O-O Re8 8. Re1 c6 9. Bf4 Bf8 10. Bf1 Nbd7 11. Qd2 Ne5 12. Rad1 Ng6 13. Bg3 Nh5 14. Nf5 Nxg3 15. Nxg3 Qf6 16. a4 Bg4 17. Be2 Bxe2 18. Rxe2 b6 19. h3 Rad8 20. Qe1 Re5 21. Re3 Rde8 22. Qd2 Nh4 23. Rd3 Ng6 24. Rf3 Qe6 25. Nf5 Rd8 26. Rd3 d5 27. Nd4 Qc8 28. exd5 cxd5 29. Nf3 Re6 30. Nxd5 Red6 31. Nc3 h6 32. Ne4 Rxd3 33. cxd3 Qc6 34. b3 Qd5 35. Qc2 Nf4 36. d4 Qh5 37. Ng3 Qd5 38. Kh2 Bd6 39. Qc4 Qb7 40. d5 Nxd5 41. Kh1 Bxg3 42. fxg3 Qa8 43. Ne5 Rd6 44. Qe4 Qd8 45. Nc4 Rd7 46. Ne5 Rd6 47. Nc4 Rd7 48. Ne5 Rd6 1/2-1/2

[Event "2nd Cambridge Open 2024"]
[Site "Cambridge"]
[Date "2024.02.21"]
[Round "5.17"]
[White "Nawalaniec, Adam"]
[Black "Sowray, Peter J"]
[Result "1/2-1/2"]
[ECO "C45"]
[WhiteElo "1876"]
[BlackElo "2169"]
[Annotator "RC"]
[PlyCount "63"]
[EventDate "2024.02.18"]
[EventType "swiss"]
[EventCountry "ENG"]
[SourceTitle "playchess.com"]
[Source "ChessBase"]
[SourceQuality "1"]
[TimeControl "5400+30"]

1. e4 e5 2. Nf3 Nc6 3. d4 exd4 4. Nxd4 Nf6 5. Nxc6 bxc6 6. Bd3 d5 7. Qe2 Be7 8. O-O O-O 9. e5 Nd7 10. c3 Nc5 11. Be3 Nxd3 12. Qxd3 a5 13. Rd1 Bg4 14. f3 Be6 15. Nd2 c5 16. f4 c4 17. Qf1 Qc8 18. Nf3 c5 19. Ng5 h6 20. Nxe6 fxe6 21. b3 cxb3 22. axb3 Qa6 23. Qxa6 Rxa6 24. c4 d4 25. Bd2 Rb8 26. Ra3 Rab6 27. Rb1 a4 28. Rxa4 Rxb3 29. Rxb3 Rxb3 30. Kf2 Kf7 31. Ra7 Rb1 32. Ke2 1/2-1/2

[Event "2nd Cambridge Open 2024"]
[Site "Cambridge"]
[Date "2024.02.21"]
[Round "5.18"]
[White "McLean, Robert"]
[Black "Abhyuday, Santhosh"]
[Result "1/2-1/2"]
[ECO "B94"]
[WhiteElo "1823"]
[BlackElo "2058"]
[Annotator "NA RC"]
[PlyCount "70"]
[EventDate "2024.02.18"]
[EventType "swiss"]
[EventCountry "ENG"]
[SourceTitle "playchess.com"]
[Source "ChessBase"]
[SourceQuality "1"]
[TimeControl "5400+30"]

1. e4 c5 2. Nf3 d6 3. d4 cxd4 4. Nxd4 Nf6 5. Nc3 a6 6. Bg5 Nbd7 7. Bc4 Qb6 8. Bb3 e6 9. Qd2 Be7 10. O-O-O Nc5 11. f3 Qc7 12. h4 Bd7 13. g4 b5 14. Rhe1 Rb8 15. Nf5 exf5 16. exf5 Nxb3+ 17. axb3 Bc6 18. Qxd6 Qxd6 19. Rxd6 Rc8 20. Rxf6 O-O 21. Rxc6 Bxg5+ 22. hxg5 Rxc6 23. Ne4 Rfc8 24. c3 h6 25. gxh6 Rxh6 26. Kd2 Rh2+ 27. Re2 Rh1 28. Ke3 Rd8 29. Rd2 Re1+ 30. Kf2 Rxd2+ 31. Nxd2 Rc1 32. Ke3 Rc2 33. b4 Rxb2 34. Ne4 Kf8 35. Kd4 Ke7 1/2-1/2

[Event "2nd Cambridge Open 2024"]
[Site "Cambridge"]
[Date "2024.02.21"]
[Round "5.19"]
[White "Denderski, Piotr"]
[Black "Zhang, Junyi"]
[Result "1/2-1/2"]
[ECO "D35"]
[WhiteElo "2137"]
[BlackElo "1655"]
[Annotator "RC"]
[PlyCount "88"]
[EventDate "2024.02.18"]
[EventType "swiss"]
[EventCountry "ENG"]
[SourceTitle "playchess.com"]
[Source "ChessBase"]
[SourceQuality "1"]
[TimeControl "5400+30"]

1. Nf3 Nf6 2. d4 e6 3. c4 d5 4. cxd5 exd5 5. Nc3 Bd6 6. Bg5 c6 7. Qc2 O-O 8. e3 Be6 9. Bd3 h6 10. Bh4 Nbd7 11. Bg3 Qe7 12. Bxd6 Qxd6 13. h3 Qe7 14. O-O Ne8 15. Rab1 Qf6 16. Nd2 Nd6 17. b4 b5 18. a4 a6 19. Ra1 Qe7 20. Ra2 Nc4 21. Rb1 a5 22. Bxc4 bxc4 23. bxa5 Rxa5 24. Rb7 Rb8 25. Rab2 Raa8 26. Rxb8+ Rxb8 27. Rxb8+ Nxb8 28. Qb2 Qc7 29. e4 Nd7 30. Qb4 Qf4 31. Ne2 Qc7 32. exd5 cxd5 33. a5 Qb8 34. Qa3 Qa7 35. Nf3 Nb8 36. Qd6 Nd7 37. Qb4 Qb8 38. Qa3 Qa7 39. Nc3 Qa6 40. Qb4 Nf8 41. Qc5 Qb7 42. Qa3 Bc8 43. Qc5 Be6 44. Ne5 Qb2 1/2-1/2

[Event "2nd Cambridge Open 2024"]
[Site "Cambridge"]
[Date "2024.02.21"]
[Round "5.20"]
[White "Ismail, Mohammed Aayan"]
[Black "Ghasi, Ameet K"]
[Result "0-1"]
[ECO "B07"]
[WhiteElo "2115"]
[BlackElo "2509"]
[Annotator "TA"]
[PlyCount "60"]
[EventDate "2024.02.18"]
[EventType "swiss"]
[EventCountry "ENG"]
[SourceTitle "playchess.com"]
[Source "ChessBase"]
[SourceQuality "1"]
[TimeControl "5400+30"]

1. Nf3 g6 2. g3 Bg7 3. Bg2 d6 4. d4 Nf6 5. O-O O-O 6. Re1 Nbd7 7. e4 e5 8. Nc3 b6 9. a4 a6 10. Be3 Bb7 {[%emt 0:02:48] The position is equal.} 11. dxe5 dxe5 12. Nd2 Re8 13. Nb3 c6 14. a5 {[%emt 0:00:00] [#] Hoping for axb6.} b5 15. Qd2 Qc7 16. Nc5 Bf8 17. Nxb7 Qxb7 18. Red1 Nc5 19. f3 {[%emt 0:00:00] Prevents Ng4} Ne6 20. Qf2 Rad8 21. Bh3 Nd4 22. f4 ({White should try} 22. Na2 $11) 22... b4 $1 $15 23. fxe5 bxc3 24. exf6 cxb2 25. Rab1 c5 26. Bg2 $1 Qb4 {[%emt 0:02:52] Black is more active.} 27. Bxd4 {[%emt 0:00:00][%mdl 8192] [#] This move loses the game for White.} (27. c4 $17) 27... Rxd4 $19 {[%emt 0:01:51] Black is clearly winning.} 28. Rxd4 cxd4 29. Qf1 {[%emt 0:06:51] White is weak on the dark squares} Re5 30. Qxa6 Rxa5 {[%emt 0:00:26] Weighted Error Value: White=0.78/Black=0.06 (flawless) .  Loses game:     	White=1     	---        Mistake:       	White=1     	---        Inaccurate:     	White=3     	Black=2      OK:         	White=7     	Black=8      Best:        	White=1     	Black=2      Strong:       	White=1     	Black=1} ({Not} 30... Qxa5 31. Qxa5 Rxa5 32. Rxb2 $11) 0-1

[Event "2nd Cambridge Open 2024"]
[Site "Cambridge"]
[Date "2024.02.21"]
[Round "5.21"]
[White "Mihalik, Agoston"]
[Black "Roberson, Peter T"]
[Result "0-1"]
[ECO "C03"]
[WhiteElo "2146"]
[BlackElo "2424"]
[Annotator "TA"]
[PlyCount "130"]
[EventDate "2024.02.18"]
[EventType "swiss"]
[EventCountry "ENG"]
[SourceTitle "playchess.com"]
[Source "ChessBase"]
[SourceQuality "1"]
[TimeControl "5400+30"]

1. e4 e6 2. d4 d5 3. Nd2 c5 4. Ngf3 cxd4 5. Nxd4 Ne7 6. exd5 Nxd5 7. N2f3 Be7 8. c3 O-O 9. Bd3 b6 {[%emt 0:03:20] 9...Nc6 is becoming the main line. C03: French Tarrasch: Unusual Black 3rd moves.} 10. Qe2 Nf6 11. Bf4 Bb7 12. Rd1 Nbd7 13. O-O Nc5 $146 ({Predecessor:} 13... a6 14. Rfe1 Nd5 15. Bg3 Ra7 16. Bb1 Qa8 17. Nxe6 fxe6 18. Qxe6+ Kh8 19. Qxd7 Nf6 {1-0 Godena,M (2405)-Janssen,H (2380) ECI 16th Euwe Memorial 1989 (8)}) 14. Bc2 Qc8 15. Nb5 ({Better is} 15. Rfe1 $16) 15... Be4 16. Bxe4 Ncxe4 17. Rd4 (17. Nc7 $5 Rb8 $8 18. Rd4 $14) 17... Qb7 18. Rfd1 (18. Re1 $11 {keeps the balance.} Nc5 19. b4) 18... Bc5 $17 19. Nd6 Nxd6 20. Bxd6 Bxd4 21. Bxf8 Bxf2+ 22. Qxf2 Rxf8 23. c4 h6 24. b3 Qe4 25. Qd4 Qc2 26. Qd2 Qxd2 27. Rxd2 Rc8 28. Ne5 g5 29. Rd4 Kg7 30. a4 Rc5 31. Nd7 Rc7 32. Ne5 Kf8 33. Rd3 (33. Rd8+ $17 Ke7 34. Rh8) 33... Ke7 34. Rf3 a5 35. h3 (35. g4 $17 {was called for.}) 35... Rc5 (35... h5 $19 36. Kf1 h4) 36. Nd3 $17 Rc6 37. Ne5 Rc5 38. Nd3 $1 Rc7 39. Ne5 h5 40. Kh2 g4 41. Rf4 Rc5 42. Nd3 Rg5 43. h4 Rg7 44. Kg1 (44. c5 $17 {is a better defense.}) 44... Nd7 $19 45. Re4 f5 46. Re3 Nc5 47. Nf4 Kf7 48. g3 Rh7 49. Kg2 $2 (49. Re2) 49... Rh8 $19 50. Kh2 Rd8 51. Nxh5 Rd2+ 52. Kg1 Rb2 53. Nf4 Rxb3 54. Rxb3 Nxb3 55. Nd3 (55. Ne2 $142 Nd2 56. Kf2) 55... Nc5 $19 56. Nb2 e5 57. Kf2 Kg6 58. Kg2 f4 (58... Kh5 $142 59. Kf1 f4) 59. Kh2 f3 60. Nd1 Nxa4 61. Ne3 Nb2 62. Nxg4 Nxc4 63. Nf2 a4 64. g4 a3 65. h5+ Kg7 0-1

[Event "2nd Cambridge Open 2024"]
[Site "Cambridge"]
[Date "2024.02.21"]
[Round "5.22"]
[White "Payne, Matthew J"]
[Black "Hebden, Mark L"]
[Result "1/2-1/2"]
[ECO "C56"]
[WhiteElo "2091"]
[BlackElo "2416"]
[Annotator "TA"]
[PlyCount "90"]
[EventDate "2024.02.18"]
[EventType "swiss"]
[EventCountry "ENG"]
[SourceTitle "playchess.com"]
[Source "ChessBase"]
[SourceQuality "1"]
[TimeControl "5400+30"]

1. e4 e5 2. Nf3 Nc6 3. Bc4 Nf6 4. d4 exd4 5. e5 Ne4 6. Qe2 Nc5 $1 7. O-O Be7 8. Rd1 O-O 9. Nxd4 d5 10. exd6 Bxd6 11. Nxc6 bxc6 12. Be3 Qh4 13. g3 Qf6 14. Qh5 Bf5 15. Bd4 Bg6 16. Qxc5 Bxc5 17. Bxf6 gxf6 18. Bd3 Rab8 19. b3 Rfd8 {[%emt 0:09:58] ...Bxd3 would now be deadly.} 20. Nd2 $1 Bh5 (20... Bxd3 21. cxd3 Rxd3 22. Ne4 $14) 21. Rf1 f5 22. Nc4 f4 23. Rfe1 (23. gxf4 Kh8 24. Rfe1 Rg8+ 25. Kf1 Bd4 $19) 23... Re8 24. c3 ({White should try} 24. gxf4 $16 Bd4 25. Rab1) 24... Rbd8 {[%emt 0:04:05] aiming for ...Rxe1+.} 25. Bf5 (25. gxf4 $2 Rxe1+ 26. Rxe1 Rxd3 $19) (25. Rxe8+ $14 Rxe8 26. gxf4) 25... fxg3 26. hxg3 Bf3 (26... Re2 $15 27. Rxe2 Bxe2) 27. Ne5 Bd5 (27... Rd2 $11 {remains equal.} 28. Nxf3 Bxf2+ 29. Kf1 Bxe1 (29... Rxe1+ 30. Nxe1 Bxg3 31. Bg4 $18) 30. Rxe1 (30. Nxe1 Re3 $17) 30... Rxe1+ (30... Rxa2 $2 31. Rxe8+ Kg7 32. Bd3 $18) 31. Kxe1 Rxa2) 28. Nd7 $36 {[%emt 0:02:42][%mdl 2048] Keeping Black busy.} Be7 {[%emt 0:02:36] [#]} (28... Rxe1+ $16 {was called for.} 29. Rxe1 Ba3) 29. Rad1 (29. c4 $1 $18 Be6 (29... Bf3 $2 30. Re3 $18) 30. Bxe6 fxe6 31. Rad1) 29... Kg7 {[%emt 0:00:18] [#]} 30. c4 $1 {[%emt 0:01:53] White has more active pieces.} Be6 31. Bxe6 Bb4 32. Re4 Rxe6 33. Rxe6 fxe6 {[%emt 0:00:08][%mdl 4096] Endgame. KRB-KRN} 34. Rd3 a5 35. Ne5 Rxd3 36. Nxd3 {[%emt 0:00:02] KB-KN} Kf6 37. f3 (37. Kg2 $16) 37... Bd6 (37... Bc3 $1 $11) 38. Kf2 h5 (38... Be5 $16 {was worth a try.}) 39. a4 $2 (39. c5 $18 Bf8 40. g4) 39... c5 $11 {[%emt 0:02:11] The position is equal.} 40. f4 e5 41. fxe5+ Bxe5 42. Kf3 Bd6 43. Nc1 Ke5 {[%emt 0:00:43] Hoping for ...Kd4.} 44. Ke3 Kf5 45. Kf3 Ke5 {[%emt 0:12:13] Blacks defense is rewarded with a draw.   Weighted Error Value: White=0.20 (precise) /Black=0.23 (precise) .  Missed win:     	White=1     	---        Mistake:       	White=4     	Black=5      Inaccurate:     	White=1     	Black=3      OK:         	White=17    	Black=13     Best:        	White=1     	Black=2      Strong:       	White=2     	---} 1/2-1/2

[Event "2nd Cambridge Open 2024"]
[Site "Cambridge"]
[Date "2024.02.21"]
[Round "5.23"]
[White "York-Weaving, Richard"]
[Black "Pert, Nina"]
[Result "1-0"]
[ECO "B12"]
[WhiteElo "2343"]
[BlackElo "1968"]
[Annotator "TA"]
[PlyCount "169"]
[EventDate "2024.02.18"]
[EventType "swiss"]
[EventCountry "ENG"]
[SourceTitle "playchess.com"]
[Source "ChessBase"]
[SourceQuality "1"]
[TimeControl "5400+30"]

1. e4 c6 2. d4 d5 3. e5 c5 4. c3 Nc6 5. Be2 Bf5 6. Nf3 e6 7. O-O h6 8. Be3 c4 9. b3 b5 {[%emt 0:01:29] Weiß hat minimalen Vorteil.} 10. a4 a6 11. b4 Nge7 12. Na3 Na7 13. a5 g5 14. Nc2 Bh7 15. Bd2 Ng6 16. g3 Nc6 17. Ne3 Kd7 ({Günstiger ist} 17... f5 $14) 18. Ng2 Nce7 19. h4 (19. Nfe1 $16) 19... gxh4 $14 20. Nfxh4 Nxh4 21. Nxh4 Bg7 22. Ng2 Ng6 (22... h5 $14) 23. Ne3 Qg8 (23... h5 $1 $14 {kam in Betracht.}) 24. Bg4 (24. Bh5 $16) 24... Ne7 (24... h5 $1 $11 {war vorzuziehen.} 25. Bxh5 Ne7) 25. Kg2 Be4+ 26. Bf3 Bg6 (26... Qh7 $11 {hält das Gleichgewicht.}) 27. Rh1 $16 Nf5 28. Rh2 Rh7 29. Nxf5 Bxf5 30. Bf4 Bf8 31. Qe2 Qg6 32. Rah1 Rc8 33. Qe3 Bc2 34. Bxh6 Qd3 $2 (34... Be7 $16 {war angesagt.}) 35. Bg5 (35. Qxd3 $18 cxd3 36. Bd2 (36. Bxf8 $2 Rxh2+ 37. Rxh2 Rxf8 $17) 36... Rxh2+ 37. Rxh2) 35... Rxh2+ 36. Rxh2 Be7 37. Bf4 (37. Qxd3 $18 Bxd3 38. Bxe7 Kxe7 39. Rh6) 37... Rg8 38. Be2 Qf5 39. Rh1 Qg6 40. Bf3 Bf5 41. Rh6 Qg7 42. Qc1 Bd3 43. Qh1 Bg6 44. Kg1 {[%emt 0:01:19][%cal Of3d5] [#] Bxd5! wäre nun fies.} Kc6 45. Qh3 Rd8 46. Qg4 Qg8 47. Rh1 {[%emt 0:02:05] Weiß steht aktiver. Schwarz hat schwache schwarze Felder} Re8 48. Bh6 Rc8 49. Qf4 Bf5 50. Bh5 Rc7 51. g4 Bd8 52. Rh3 Be4 53. Kh2 Rd7 54. Re3 {[%emt 0:00:49] Rxe4 ist eine echte Drohung.} Qh7 (54... Bd3 $16 55. Rg3 Kb7) 55. Bg5 $18 Bxg5 (55... Bc7 56. Rh3 Bd3) 56. Qxg5 Kc7 57. Qf6 Kb7 (57... Bd3 $142 58. Qg5 Kc6) 58. Rh3 Qg8 59. Rh4 Qh7 60. Rh3 $2 ({Vorzuziehen ist} 60. Kg3 $18) 60... Kc7 $2 (60... Qg8 $11 61. g5 Qe8) 61. g5 Qg8 62. Bg4 {[%emt 0:03:00] Lässt Bf5 nicht zu} Bh7 63. Rh6 Bd3 64. Rh8 Qg6 65. Qxg6 Bxg6 {[%emt 0:00:02][%mdl 4096] Endspiel. KRB-KRB} 66. Ra8 Kb7 67. Rg8 Re7 68. Kg3 Bh7 69. Rf8 Bg6 {[%emt 0:00:04] Lässt Bh5 nicht zu} 70. Kh4 Rc7 71. Rg8 Rc8 72. Rg7 Rh8+ 73. Kg3 Re8 (73... Rh7 $142 74. Rg8 Bc2) 74. f4 Kc6 75. Bf3 Kd7 {[%emt 0:00:18] [#]} 76. f5 $1 exf5 {[%emt 0:01:28] Und ...Ke6 würde nun gewinnen.} (76... Bxf5 77. Rxf7+) 77. Bxd5 Re7 78. Rg8 {[%emt 0:01:01] Zielt auf Ra8 ab.} Kc7 79. Ra8 Rd7 80. Bf3 Rd8 81. Ra7+ Kb8 82. Rxa6 {[%emt 0:00:06] Weiss will mit Ra8+ Matt setzen.} Kc7 83. Ra7+ {[%emt 0:00:08] Weiß setzt Matt.} Kc8 84. Ra8+ Kc7 85. Rxd8 {[%emt 0:00:13] Gewichteter Fehlerwert: Weiß=0.24 (präzise) /Schwarz=0.38.  Verlustzug:     	---       	Schwarz=2     Fehler:       	Weiß=4     	Schwarz=9     Ungenau:       	Weiß=4     	Schwarz=4     OK:         	Weiß=14    	Schwarz=14    Bester:       	Weiß=4     	Schwarz=2} 1-0

[Event "2nd Cambridge Open 2024"]
[Site "Cambridge"]
[Date "2024.02.21"]
[Round "5.24"]
[White "Gourlay, Iain"]
[Black "Mocic, Ivano"]
[Result "1-0"]
[ECO "D30"]
[WhiteElo "2301"]
[BlackElo "2008"]
[Annotator "RC"]
[PlyCount "101"]
[EventDate "2024.02.18"]
[EventType "swiss"]
[EventCountry "ENG"]
[SourceTitle "playchess.com"]
[Source "ChessBase"]
[SourceQuality "1"]
[TimeControl "5400+30"]

1. Nf3 Nf6 2. g3 e6 3. Bg2 d5 4. O-O c5 5. c4 Nc6 6. cxd5 exd5 7. d4 Ne4 8. a3 a5 9. Be3 c4 10. b3 cxb3 11. Qxb3 Be7 12. Nc3 Nxc3 13. Qxc3 Be6 14. Rab1 Rb8 15. Bf4 Rc8 16. Rxb7 O-O 17. Qd3 h6 18. Ne5 Nxe5 19. Bxe5 Rc4 20. Rd1 Ra4 21. Qa6 Bc8 22. Qb5 Bxb7 23. Qxa4 Ba6 24. Bf3 Bc4 25. Rb1 Bf6 26. Rb8 Qe7 27. Rxf8+ Kxf8 28. Qxa5 g6 29. Bxf6 Qxf6 30. Qc5+ Kg7 31. a4 Qa6 32. a5 Bxe2 33. Bxe2 Qxe2 34. Qxd5 Qd1+ 35. Kg2 Qa1 36. Qe5+ Kg8 37. Qb8+ Kg7 38. Qb6 Qe1 39. Qc6 Qxa5 40. d5 Qd2 41. d6 Qd4 42. h4 g5 43. hxg5 hxg5 44. d7 g4 45. Qc7 Qe4+ 46. Kf1 Qh1+ 47. Ke2 Qf3+ 48. Ke1 Qe4+ 49. Kd2 Qd4+ 50. Kc2 Qxf2+ 51. Kb3 1-0

[Event "2nd Cambridge Open 2024"]
[Site "Cambridge"]
[Date "2024.02.21"]
[Round "5.25"]
[White "Southcott-Moyers, Indy"]
[Black "Shafi, Declan"]
[Result "0-1"]
[ECO "D85"]
[WhiteElo "2123"]
[BlackElo "2219"]
[Annotator "RC"]
[PlyCount "136"]
[EventDate "2024.02.18"]
[EventType "swiss"]
[EventCountry "ENG"]
[SourceTitle "playchess.com"]
[Source "ChessBase"]
[SourceQuality "1"]
[TimeControl "5400+30"]

1. d4 Nf6 2. c4 g6 3. Nc3 d5 4. cxd5 Nxd5 5. e4 Nxc3 6. bxc3 Bg7 7. Be3 c5 8. Qd2 cxd4 9. cxd4 Nc6 10. Rd1 Qa5 11. Qxa5 Nxa5 12. Bd3 O-O 13. Nf3 Bg4 14. Ke2 Rfd8 15. d5 e6 16. Bd2 exd5 17. Bxa5 b6 18. exd5 Re8+ 19. Kf1 bxa5 20. h3 Bd7 21. g3 Rac8 22. Kg2 Rc5 23. Bb1 Ba4 24. Rc1 Rxd5 25. Bc2 Bb5 26. Bb3 Rf5 27. a4 Be2 28. Bd1 Bd3 29. Bc2 Rd5 30. Bxd3 Rxd3 31. Rc7 Ra3 32. Rd1 h6 33. Rdd7 Rf8 34. Rc4 a6 35. Ne1 Re8 36. Nc2 Rc3 37. Rxc3 Bxc3 38. Rc7 Bf6 39. Rc6 Re6 40. Rxe6 fxe6 41. Kf3 Kf7 42. Ke4 Ke7 43. Nd4 Kd6 44. Nb3 Bc3 45. g4 g5 46. f3 Be1 47. Nc1 Bd2 48. Nb3 Bb4 49. Kd4 Be1 50. Ke4 e5 51. Ke3 Kd5 52. Kd3 Bb4 53. Nc1 Bc5 54. Nb3 Bb6 55. Nd2 Bf2 56. Ne4 Bd4 57. Nf6+ Kc5 58. Nd7+ Kb4 59. Nb8 Kxa4 60. Kc4 Ka3 61. Nxa6 a4 62. Nb4 Kb2 63. Kd3 a3 64. Nc2 a2 65. Kd2 Bb6 66. Kd1 Ba5 67. Na1 Kxa1 68. Kc2 Bd2 0-1

[Event "2nd Cambridge Open 2024"]
[Site "Cambridge"]
[Date "2024.02.21"]
[Round "5.26"]
[White "Brett, Andrew R"]
[Black "McClement, Andrew"]
[Result "1/2-1/2"]
[ECO "E49"]
[WhiteElo "2072"]
[BlackElo "2223"]
[Annotator "RC"]
[PlyCount "109"]
[EventDate "2024.02.18"]
[EventType "swiss"]
[EventCountry "ENG"]
[SourceTitle "playchess.com"]
[Source "ChessBase"]
[SourceQuality "1"]
[TimeControl "5400+30"]

1. d4 Nf6 2. c4 e6 3. Nc3 Bb4 4. e3 d5 5. a3 Bxc3+ 6. bxc3 c5 7. cxd5 exd5 8. Bd3 O-O 9. Ne2 b6 10. O-O Ba6 11. Ng3 Qc8 12. Bxa6 Qxa6 13. a4 cxd4 14. cxd4 Nc6 15. Ba3 Rfe8 16. Nf5 g6 17. Nd6 Re6 18. Qc2 Na5 19. Qc7 Rf8 20. Nb5 Rc8 21. Qf4 Nb3 22. Nc7 Rxc7 23. Qxc7 Nxa1 24. Qd8+ Ne8 25. Rxa1 Qxa4 26. Qxd5 a5 27. h4 h5 28. Qd8 Kh7 29. d5 Rd6 30. Qe7 Kg8 31. Bxd6 Qxa1+ 32. Kh2 Nxd6 33. Qxd6 a4 34. Qe7 Kg7 35. d6 Qf6 36. e4 a3 37. Kg3 a2 38. e5 Qe6 39. Qxe6 fxe6 40. d7 a1=Q 41. d8=Q Qxe5+ 42. Kh3 Qf5+ 43. Kg3 b5 44. Qd7+ Kh6 45. Qd8 Qe5+ 46. Kh3 g5 47. hxg5+ Qxg5 48. Qf8+ Qg7 49. Qf4+ Kh7 50. Qe4+ Kh8 51. Qa8+ Qg8 52. Qa1+ Qg7 53. Qa8+ Kh7 54. Qe4+ Kh8 55. Qa8+ 1/2-1/2

[Event "2nd Cambridge Open 2024"]
[Site "Cambridge"]
[Date "2024.02.21"]
[Round "5.27"]
[White "Kovalskyi, Roman"]
[Black "Evans, Ruben"]
[Result "1/2-1/2"]
[ECO "C02"]
[WhiteElo "2009"]
[BlackElo "1647"]
[Annotator "RC"]
[PlyCount "173"]
[EventDate "2024.02.18"]
[EventType "swiss"]
[EventCountry "ENG"]
[SourceTitle "playchess.com"]
[Source "ChessBase"]
[SourceQuality "1"]
[TimeControl "5400+30"]

1. e4 e6 2. d4 d5 3. e5 c5 4. c3 Nc6 5. Nf3 Nge7 6. Na3 cxd4 7. cxd4 Nf5 8. Nc2 Qa5+ 9. Bd2 Qb6 10. Bc3 a5 11. Bd3 Be7 12. O-O O-O 13. Re1 Bd7 14. Ne3 Nxe3 15. Rxe3 f5 16. exf6 Bxf6 17. Ne5 Bxe5 18. dxe5 g6 19. Bd2 Ne7 20. Re2 Bc6 21. Bg5 Rf7 22. Bf6 d4 23. Qd2 Bb5 24. Bxb5 Qxb5 25. Re4 d3 26. a4 Qa6 27. Rd4 Nd5 28. Bh4 Rc8 29. Rxd3 Qc4 30. Rd4 Qc2 31. h3 Qxd2 32. Rxd2 Rf4 33. Bg3 Rfc4 34. f3 h6 35. Be1 b6 36. b3 Rc2 37. Ra2 Rc1 38. Kf2 Kf7 39. Rd4 Rb1 40. Rc4 Rxc4 41. bxc4 Nb4 42. Rd2 Ke7 43. Rd6 Nc2 44. Bd2 Na3 45. Bxh6 Nxc4 46. Bg5+ Kf7 47. Rd7+ Kf8 48. Bf6 Ra1 49. g4 Rxa4 50. h4 Ra2+ 51. Kg3 Rd2 52. Rc7 b5 53. h5 gxh5 54. gxh5 Ne3 55. h6 Nf5+ 56. Kh3 Nxh6 57. Bg7+ Ke8 58. Bxh6 Rd5 59. Bf4 b4 60. Rb7 Rd4 61. Be3 Rd3 62. Bc5 Rxf3+ 63. Kg4 Rc3 64. Bd6 b3 65. Kf4 a4 66. Rb4 Kd7 67. Rxa4 b2 68. Ra7+ Kc6 69. Rc7+ Kb6 70. Rxc3 b1=Q 71. Rc7 Qf5+ 72. Ke3 Qh3+ 73. Kd4 Qf3 74. Rc3 Qf2+ 75. Kd3 Qg3+ 76. Kc4 Qg4+ 77. Kb3 Qd1+ 78. Kb2 Qd4 79. Kc2 Qa4+ 80. Kb2 Qd4 81. Kc2 Qe4+ 82. Kb2 Kb5 83. Rc5+ Ka4 84. Kc3 Qe3+ 85. Kc2 Qb3+ 86. Kd2 Qb2+ 87. Ke3 1/2-1/2

[Event "2nd Cambridge Open 2024"]
[Site "Cambridge"]
[Date "2024.02.21"]
[Round "5.28"]
[White "Jefremov, Aivar"]
[Black "Underwood, Jon"]
[Result "1/2-1/2"]
[ECO "A80"]
[WhiteElo "1656"]
[BlackElo "1993"]
[Annotator "NA RC"]
[PlyCount "58"]
[EventDate "2024.02.18"]
[EventType "swiss"]
[EventCountry "ENG"]
[SourceTitle "playchess.com"]
[Source "ChessBase"]
[SourceQuality "1"]
[TimeControl "5400+30"]

1. d4 f5 2. Nc3 Nf6 3. Bg5 d5 4. Bxf6 exf6 5. e3 Be6 6. Bd3 Nc6 7. Qf3 Qd7 8. h3 Nb4 9. Nge2 c6 10. Nf4 Nxd3+ 11. Nxd3 Bd6 12. Ne2 O-O-O 13. Nef4 Bf7 14. g4 fxg4 15. Qxg4 Qxg4 16. hxg4 Rde8 17. Kd2 h6 18. Nh5 Rhg8 19. b4 b6 20. Nhf4 Kb7 21. a4 Ra8 22. a5 Kc7 23. Ra3 Rgc8 24. Rha1 Kb7 25. c3 Re8 26. Nh5 Bf8 27. Ng3 g6 28. Rh1 Rac8 29. Rha1 Ra8 1/2-1/2

[Event "2nd Cambridge Open 2024"]
[Site "Cambridge"]
[Date "2024.02.21"]
[Round "5.29"]
[White "Asgarova, Turan"]
[Black "Prince, Alan R"]
[Result "1-0"]
[ECO "B01"]
[WhiteElo "1988"]
[BlackElo "1652"]
[Annotator "RC"]
[PlyCount "47"]
[EventDate "2024.02.18"]
[EventType "swiss"]
[EventCountry "ENG"]
[SourceTitle "playchess.com"]
[Source "ChessBase"]
[SourceQuality "1"]
[TimeControl "5400+30"]

1. e4 d5 2. exd5 Qxd5 3. Nc3 Qa5 4. d4 Nf6 5. Nf3 Bf5 6. Be2 Nc6 7. O-O O-O-O 8. Nb5 a6 9. Na3 e6 10. Nc4 Qd5 11. Ne3 Qd7 12. Nxf5 exf5 13. c3 Nd5 14. c4 Nb6 15. d5 Nb8 16. Be3 f6 17. a3 g5 18. b4 h5 19. Bxb6 cxb6 20. Nd4 Bd6 21. Bd3 Qf7 22. Bxf5+ Nd7 23. Ne6 Rdg8 24. c5 1-0

[Event "2nd Cambridge Open 2024"]
[Site "Cambridge"]
[Date "2024.02.21"]
[Round "5.30"]
[White "Wynarczyk, Raymond"]
[Black "Volovich, Julia"]
[Result "1/2-1/2"]
[ECO "C13"]
[WhiteElo "1703"]
[BlackElo "1983"]
[Annotator "NA RC"]
[PlyCount "51"]
[EventDate "2024.02.18"]
[EventType "swiss"]
[EventCountry "ENG"]
[SourceTitle "playchess.com"]
[Source "ChessBase"]
[SourceQuality "1"]
[TimeControl "5400+30"]

1. e4 e6 2. d4 d5 3. Nc3 Nf6 4. Bg5 dxe4 5. Nxe4 Be7 6. Bxf6 Bxf6 7. Nf3 O-O 8. Qd2 b6 9. Nxf6+ Qxf6 10. Qg5 Qxg5 11. Nxg5 Bb7 12. Bd3 h6 13. Be4 Bd5 14. Bxd5 exd5 15. Nf3 c5 16. O-O-O Rd8 17. Rhe1 Nc6 18. c3 Rac8 19. Ne5 Kf8 20. Kb1 Ne7 21. g4 f6 22. Nf3 Nc6 23. h4 c4 24. g5 Re8 25. gxf6 gxf6 26. h5 1/2-1/2